 Dungeon Crawl Stone Soup version 0.30-a0-1164-ge08a67761e (webtiles) character file.

Game seed: 11115896981323253969

37709 funkygono the Severer (level 13, -2/107 HPs)
             Began as a Minotaur Fighter on Apr 29, 2023.
             Was the Champion of Okawaru.
             Slain by a thrashing horror (6 damage)
             ... on level 4 of the Abyss.
             The game lasted 00:26:17 (14434 turns).

funkygono the Severer (Minotaur Fighter)           Turns: 14434, Time: 00:26:18

Health: -2/107     AC: 28    Str: 20    XL:     13   Next: 59%
Magic:  10/11      EV: 11    Int:  4    God:    Okawaru [******]
Gold:   1405       SH:  7    Dex:  8    Spells: 12/12 levels left

rFire   . . .        L - +1 broad axe (flame)
rCold   x x .        c - +0 buckler
rNeg    . . .        N - +1 chain mail {rF+}
rPois   .            m - +2 hat {Int+3}
rElec   .            p - +0 cloak
rCorr   .            o - +0 pair of gloves
SInv    .            C - +2 pair of boots {rampage}
Will    .....        B - amulet of regeneration
Stlth   +            H - ring of flight
HPRegen 0.00/turn    t - +4 ring of protection
MPRegen 0.12/turn

%: random rage (9%), rampage
@: heroic, on berserk cooldown, flying, inhibited regen, slowed, unable to read,
unable to drink, very slow
A: horns 2, retaliatory headbutt, [berserk 2], [clumsy 2], [deterioration 2],
[dopey 2], [frail 1], [low MP 2], [inhibited regeneration], ([teleportitis 2]),
[weak 2], [cold vulnerability 2], [heat vulnerability 1], [subdued magic 2],
[inability to drink after injury 2], [inability to read after injury 2]
a: Renounce Religion, Heroism, Finesse, Duel


You were on level 4 of the Abyss.
You worshipped Okawaru.
Okawaru was exalted by your worship.
You visited 3 branches of the dungeon, and saw 15 of its levels.
You visited the Abyss 1 time.
You also visited: Ossuary, Bailey and Volcano.

You collected 1405 gold pieces.

Inventory:

Hand Weapons
 a - a +1 war axe of freezing
 E - a +4 war axe
 L - a +1 broad axe of flaming (weapon)
Missiles
 v - a throwing net
 D - 28 boomerangs (quivered)
 K - 3 silver boomerangs
 O - a javelin
Armour
 b - a +0 plate armour
 c - a +0 buckler (worn)
 m - a +2 hat of intelligence (worn)
 o - a +0 pair of gloves (worn)
 p - a +0 cloak (worn)
 C - a +2 pair of boots of rampaging (worn)
 N - a +1 chain mail of fire resistance (worn)
 P - the +4 plate armour of Nuytoew {Will++}
   (Okawaru gifted it to you on level 4 of the Abyss)

   Will:      It greatly increases your willpower.
Jewellery
 f - a ring of see invisible
 t - a +4 ring of protection (right hand)
 x - a ring of ice
 y - an amulet of reflection
 A - a ring of positive energy
 B - an amulet of regeneration (around neck)
 H - a ring of flight (left hand)
 I - a ring of poison resistance
Wands
 h - a wand of flame (20)
 q - a wand of iceblast (22)
 F - a wand of acid (1)
 G - a wand of digging (2)
Scrolls
 g - a scroll of identify
 i - a scroll of blinking
 r - 4 scrolls of magic mapping
 u - a scroll of fog
Potions
 d - 3 potions of might
 e - 3 potions of mutation
 j - 3 potions of curing
 k - 2 potions of invisibility
 l - 8 potions of heal wounds
 n - 5 potions of flight
 s - a potion of berserk rage
 w - 2 potions of resistance
 z - 3 potions of haste
 J - a potion of ambrosia
 M - 2 potions of cancellation {unknown}


   Skills:
 + Level 12.9(17.9) Fighting
 + Level 17.7(22.7) Axes
 + Level 2.1(7.1) Throwing
 + Level 12.3(17.3) Armour
 + Level 4.3(9.3) Dodging
 + Level 2.1(7.1) Stealth
 + Level 11.9(16.9) Shields
 + Level 3.8 Invocations
 + Level 0.2 Evocations


You had 12 spell levels left.
You didn't know any spells.
Your spell library contained the following spells:

 Spells                   Type           Power      Damage    Failure   Level
 Ensorcelled Hibernation  Hex/Ice        0%         N/A       97%         2
 Passwall                 Tmut/Erth      0%         N/A       97%         2
 Static Discharge         Conj/Air       0%         2-2/arc   97%         2
 Frozen Ramparts          Ice            0%         1d1       99%         3
 Ozocubu's Armour         Ice            0%         N/A       99%         3
 Stone Arrow              Conj/Erth      0%         3d7       99%         3
 Swiftness                Air            0%         N/A       99%         3
 Volatile Blastmotes      Fire/Tloc      0%         2d10      99%         3
 Airstrike                Air            0%         2d(0-16)  100%        4
 Fulminant Prism          Conj/Hex       0%         3d5       100%        4
 Ice Form                 Ice/Tmut       0%         N/A       100%        4
 Iskenderun's Mystic Bla  Conj/Tloc      0%         2d3       100%        4
 Petrify                  Tmut/Erth      0%         N/A       100%        4
 Iskenderun's Battlesphe  Conj           0%         2d6       100%        5
 Lee's Rapid Deconstruct  Erth           0%         3d4*      100%        5
 Metabolic Englaciation   Hex/Ice        0%         N/A       100%        5
 Iron Shot                Conj/Erth      0%         9d1       100%        6
 Statue Form              Tmut/Erth      0%         N/A       100%        6
 Orb of Destruction       Conj           0%         9d5       100%        7
 Ozocubu's Refrigeration  Ice            0%         4d7       100%        7
 Lehudib's Crystal Spear  Conj/Erth      0%         10d2      100%        8
 Summon Guardian Golem    Hex/Summ       Unusable   N/A       N/A         3
 Animate Armour           Summ/Erth      Unusable   N/A       N/A         4
 Summon Ice Beast         Ice/Summ       Unusable   N/A       N/A         4
 Summon Lightning Spire   Summ/Air       Unusable   N/A       N/A         4
 Spellforged Servitor     Conj/Summ      Unusable   N/A       N/A         7

Dungeon Overview and Level Annotations

Branches:
Dungeon (9/15)             Temple (1/1) D:4            Lair (5/5) D:9
 Shoals (0/4) Lair:3       Spider (0/4) Lair:3        Slime (0/5) Lair:4
Ossuary (visited)          Bailey (visited)         Volcano (visited)
    Orc: D:9-12

Altars:
Ashenzari
Cheibriados
Dithmenos
Elyvilon
Fedhas
Gozag
Hepliaklqana
Kikubaaqudgha
Makhleb
Nemelex Xobeh
Okawaru
Qazlal
Ru
Sif Muna
Trog
Uskayaw
Vehumet
Wu Jian
Xom
Yredelemnul
Zin
The Shining One
Jiyva

Annotations:
Lair:1 3 runed translucent doors, MrClown's ghost, journeyman DsNe


Innate Abilities, Weirdness & Mutations

You have a pair of horns on your head.
You reflexively headbutt those who attack you in melee.
[You have an uncontrollable temper.]
[You are very clumsy. (Dex -4)]
[Your body often deteriorates upon taking damage.]
[You are very dopey. (Int -4)]
[You are frail. (-10% HP)]
[Your magical capacity is very low. (-20% MP)]
[You do not regenerate when monsters are visible.]
[((You are often teleported next to monsters.))]
[You are very weak. (Str -4)]
[You are very vulnerable to cold. (rC--)]
[You are vulnerable to heat. (rF-)]
[Your spells are easier to cast, but less powerful.]
[You sometimes lose the ability to drink potions when taking damage.]
[You sometimes lose the ability to read scrolls when taking damage.]


Message History

You see here the +4 plate armour of Nuytoew {Will++}.
P - the +4 plate armour of Nuytoew {Will++} You cannot drink potions in your current state!
You are too berserk!
Unknown command.
A thrashing horror comes into view.
You feel your anger nearly subside.
The thrashing horror roars!
Things that are here:
a raiju corpse; a raiju corpse You barely miss the chaos spawn.
You block the chaos spawn's attack.
You completely miss the chaos spawn. You headbutt the chaos spawn.
The chaos spawn is lightly wounded.
You barely miss the chaos spawn. Your headbutt misses the chaos spawn.
The chaos spawn is lightly wounded.
You are no longer berserk.
You are exhausted.
You feel yourself slow down. The chaos spawn barely misses you.
You furiously retaliate!
You headbutt the chaos spawn. You hit the chaos spawn.
You burn the chaos spawn.
The chaos spawn is moderately wounded.
The chaos spawn hits you but does no damage.
You slash the chaos spawn! You burn the chaos spawn!
Your headbutt misses the chaos spawn.
The chaos spawn is almost dead.
You block the chaos spawn's attack.
You slice the chaos spawn!! You burn the chaos spawn.
You kill the chaos spawn!
Okawaru accepts your kill.
The chaos spawn degenerates into a cloud of primal chaos!
The thrashing horror is engulfed in seething chaos.
The thrashing horror tramples you but does no damage.
You block the thrashing horror's attack.
The thrashing horror is engulfed in seething chaos.
The thrashing horror seems to grow stronger.
The thrashing horror tramples you but does no damage. x2
You slash the thrashing horror! You burn the thrashing horror.
The thrashing horror is moderately damaged.
The thrashing horror barely misses you. The thrashing horror tramples you.
You die...

. ## ##
. #. ..
.#.## ##
## #. .
# .... .
# .. #.
# . #..
..#. .#
. ...
##.# #
#. #
#.## # #
#@#...##
#X#.# ..
..#. .
.#.. #.4
.##.#
..#. >.
.#. ..
#. # #
.# #


You could see a thrashing horror (strong).

Vanquished Creatures
  Gastronok (Lair:1)
  4 hydras
  A boulder beetle (Lair:4)
  2 death yaks (Lair:5)
  A thrashing horror (Abyss:3)
  Nergalle (Lair:3)
  A wretched star (Abyss:4)
  Pikel (D:5)
  2 lindwurms (Volcano)
  An orc knight (Bailey)
  2 large abominations (Abyss:4)
  A toenail golem (Volcano)
  5 elephants (Lair:5)
  5 black mambas
  4 molten gargoyles (Volcano)
  10 cane toads
  3 efreet (Volcano)
  A centaur skeleton (Abyss:3)
  Psyche (D:8)
  3 rime drakes (Lair:5)
  4 komodo dragons
  A kobold demonologist (D:9)
  A hellwing (Abyss:4)
  5 polar bears
  Grinder (D:6)
  A hornet (D:8)
  4 raiju (Abyss:4)
  16 blink frogs
  A shadow (D:7)
  A snapping turtle (Lair:3)
  Sigmund (D:5)
  3 wyverns
  18 yaks
  4 fire elementals (Volcano)
  4 basilisks
  A steam dragon (D:7)
  A chaos spawn (Abyss:4)
  Menkaure (Ossuary)
  10 water moccasins
  8 orc warriors
  2 ice beasts
  7 black bears
  2 centaurs
  4 wolves (Lair:2)
  A small abomination (Abyss:4)
  A necrophage (D:6)
  11 bullfrogs
  An earth elemental (Volcano)
  4 scorpions
  8 wights
  20 killer bees
  An electric eel (Lair:3)
  5 howler monkeys
  A bullfrog zombie (D:6)
  A human zombie (D:6)
  3 centaur zombies
  2 jellies
  Crazy Yiuf (D:2)
  A gnoll bouda (D:6)
  6 orc priests
  Terence (D:3)
  8 iguanas
  11 orc wizards
  3 sleepcaps
  2 killer bee zombies (D:6)
  4 mummies
  7 adders
  5 gnolls
  A shadow imp (D:6)
  2 white imps (D:6)
  3 ufetubi
  2 worms
  3 dart slugs
  21 orcs
  2 bats
  7 endoplasms
  4 giant cockroaches
  15 goblins
  13 hobgoblins
  17 jackals
  6 quokkas
  8 ball pythons
  4 frilled lizards
  6 gnoll skeletons (Ossuary)
  4 gnoll zombies (Ossuary)
  2 goblin skeletons (Ossuary)
  5 goblin zombies (Ossuary)
  6 hobgoblin skeletons (Ossuary)
  6 hobgoblin zombies (Ossuary)
  18 kobolds
  6 kobold skeletons (Ossuary)
  3 kobold zombies (Ossuary)
  4 orc skeletons (Ossuary)
  4 orc zombies (Ossuary)
  4 rats
  A rat skeleton (Ossuary)
  3 rat zombies (Ossuary)
  2 fire vortices (Volcano)
441 creatures vanquished.

Vanquished Creatures (others)
  A fire vortex (Volcano)
  56 fungi
  72 plants
129 creatures vanquished.

Grand Total: 570 creatures vanquished

Notes
Turn   | Place    | Note
-------+----------+-------------------------------------------
     0 | D:1      | funkygono the Minotaur Fighter began the quest for the Orb.
     0 | D:1      | Reached XP level 1. HP: 19/19 MP: 0/0
    88 | D:1      | Reached XP level 2. HP: 23/27 MP: 1/1
   730 | D:2      | Reached XP level 3. HP: 30/33 MP: 2/2
   877 | D:2      | Found a snail-covered altar of Cheibriados.
  1046 | D:2      | Reached XP level 4. HP: 41/41 MP: 3/3
  1347 | D:2      | Found a runed translucent door.
  1348 | D:2      | Noticed Crazy Yiuf
  1454 | D:2      | Killed Crazy Yiuf
  1455 | D:2      | Reached skill level 3 in Axes
  1587 | D:3      | Reached XP level 5. HP: 33/47 MP: 4/4
  1594 | D:3      | Reached skill level 4 in Axes
  1699 | D:3      | Found a sparkling altar of Nemelex Xobeh.
  1815 | D:3      | Reached skill level 5 in Armour
  2181 | D:3      | Noticed Terence
  2191 | D:3      | Killed Terence
  2198 | D:3      | Reached skill level 5 in Axes
  2283 | D:3      | Reached XP level 6. HP: 53/53 MP: 5/5
  2486 | D:3      | Found a shimmering blue altar of Sif Muna.
  2499 | D:3      | Reached skill level 1 in Dodging
  2884 | D:4      | Found a sand-covered staircase.
  2887 | Ossuary  | Entered an ossuary
  3160 | Ossuary  | Noticed Menkaure
  3168 | Ossuary  | Killed Menkaure
  3169 | Ossuary  | Reached skill level 5 in Fighting
  3169 | Ossuary  | Reached skill level 6 in Axes
  3169 | Ossuary  | Reached XP level 7. HP: 29/61 MP: 6/6
  3446 | D:4      | Reached skill level 7 in Axes
  3619 | D:4      | Found a staircase to the Ecumenical Temple.
  3650 | Temple   | Entered the Ecumenical Temple
  3679 | Temple   | Became a worshipper of Warmaster Okawaru
  4453 | D:5      | Entered Level 5 of the Dungeon
  4630 | D:5      | Noticed Pikel
  4643 | D:5      | Killed Pikel
  4643 | D:5      | Reached * piety under Okawaru
  4644 | D:5      | Reached skill level 8 in Axes
  4644 | D:5      | Reached XP level 8. HP: 49/70 MP: 7/7
  4646 | D:5      | Reached ** piety under Okawaru
  4647 | D:5      | Reached skill level 9 in Axes
  4863 | D:5      | Noticed Sigmund
  4868 | D:5      | Killed Sigmund
  4869 | D:5      | Reached skill level 5 in Shields
  5386 | D:6      | Reached XP level 9. HP: 45/78 MP: 8/8
  5390 | D:6      | Reached skill level 10 in Axes
  5626 | D:6      | Noticed Grinder
  5638 | D:6      | Killed Grinder
  5957 | D:6      | Reached skill level 11 in Axes
  5965 | D:6      | Found an ancient bone altar of Kikubaaqudgha.
  6032 | D:6      | Identified a scroll of acquirement
  6032 | D:6      | Acquired a +2 pair of boots of rampaging
  6080 | D:7      | Reached *** piety under Okawaru
  6392 | D:7      | Received a gift from Okawaru
  6602 | D:7      | Found a glowing silver altar of Zin.
  6602 | D:7      | Found a glowing golden altar of the Shining One.
  7028 | D:8      | Found a flagged portal.
  7055 | Bailey   | Entered a bailey
  7063 | Bailey   | Noticed an orc knight
  7112 | Bailey   | Reached skill level 12 in Axes
  7152 | Bailey   | Reached XP level 10. HP: 76/88 MP: 6/9
  7202 | Bailey   | Reached skill level 1 in Invocations
  7235 | Bailey   | Killed an orc knight
  7646 | D:8      | Reached skill level 1 in Throwing
  7678 | D:8      | Paralysed by a hornet for 1 turns
  7680 | D:8      | Reached **** piety under Okawaru
  7751 | D:8      | Noticed Psyche
  7761 | D:8      | Killed Psyche
  8094 | D:8      | Reached skill level 1 in Stealth
  8157 | D:8      | Reached skill level 13 in Axes
  8671 | D:9      | Noticed a rust devil
  8673 | D:9      | Received a gift from Okawaru
  8711 | D:9      | Found a staircase to the Lair.
  8718 | D:9      | Reached XP level 11. HP: 89/97 MP: 11/11
  9281 | Lair:1   | Entered Level 1 of the Lair of Beasts
  9288 | Lair:1   | Identified the +4 whip of Neurosis {venom, Str+3}
  9354 | Lair:1   | Noticed Gastronok
  9377 | Lair:1   | Killed Gastronok
  9378 | Lair:1   | Reached skill level 14 in Axes
  9546 | Lair:1   | Reached ***** piety under Okawaru
 10122 | Lair:1   | Found a runed translucent gate.
 10122 | Lair:1   | Found a runed translucent gate.
 10122 | Lair:1   | Found a runed translucent gate.
 10124 | Lair:1   | Noticed MrClown's ghost (journeyman DsNe)
 10431 | Lair:2   | Received a gift from Okawaru
 10434 | Lair:2   | Reached skill level 15 in Axes
 10495 | Lair:2   | Noticed a five-headed hydra
 10505 | Lair:2   | Killed a 13-headed hydra
 10506 | Lair:2   | Reached skill level 10 in Armour
 10799 | Lair:2   | Reached skill level 10 in Fighting
 11090 | Lair:2   | Reached skill level 10 in Shields
 11092 | Lair:2   | Reached XP level 12. HP: 100/106 MP: 13/13
 11393 | Lair:3   | Noticed Nergalle
 11404 | Lair:3   | Killed Nergalle
 11547 | Lair:3   | Noticed a six-headed hydra
 11556 | Lair:3   | Killed a ten-headed hydra
 11838 | Lair:3   | Found a hole to the Spider Nest.
 12338 | Lair:3   | Found a staircase to the Shoals.
 12345 | Lair:3   | Received a gift from Okawaru
 12442 | Lair:4   | Found a runed translucent door.
 12442 | Lair:4   | Found a viscous altar of Jiyva.
 12443 | Lair:4   | Found a staircase to the Slime Pits.
 12545 | Lair:4   | Reached skill level 16 in Axes
 12580 | Lair:4   | Noticed a boulder beetle
 12607 | Lair:4   | Killed a boulder beetle
 13364 | Lair:5   | Entered Level 5 of the Lair of Beasts
 13378 | Lair:5   | Identified the +7 rapier of Linearity {protect, rElec}
                  | (Okawaru gifted it to you on level 5 of the Lair of Beasts)
 13378 | Lair:5   | Received a gift from Okawaru
 13460 | Lair:5   | Found a dark tunnel.
 13465 | Volcano  | Entered a volcano
 13545 | Volcano  | Reached XP level 13. HP: 37/117 MP: 14/14
 13987 | Lair:5   | Received a gift from Okawaru
 13989 | Lair:5   | Reached skill level 17 in Axes
 14062 | Lair:5   | Reached ****** piety under Okawaru
 14087 | Abyss:3  | Cast into level 3 of the Abyss (a wizard)
 14145 | Abyss:3  | Noticed a red very ugly thing
 14145 | Abyss:3  | Noticed a red very ugly thing
 14145 | Abyss:3  | Noticed a red very ugly thing
 14145 | Abyss:3  | Noticed a red very ugly thing
 14419 | Abyss:4  | HP: 4/107 [wretched star/lance of force (24)]
 14420 | Abyss:4  | Identified the +4 plate armour of Nuytoew {Will++} (Okawaru
                  | gifted it to you on level 4 of the Abyss)
 14420 | Abyss:4  | Received a gift from Okawaru
 14434 | Abyss:4  | Slain by a thrashing horror

Illustrated notes

Levels and vault maps discovered:
D:1:      amcnicky_arrival_wind_blow, layout_loops_ring, kennysheep_another_room
D:2:      layout_loops_cross, basic_altar, kennysheep_generic_room_16,
          uniq_crazy_yiuf_cottage
D:3:      minmay_razor_zed, layout_loops_ring,
          nemelex_xobeh_ov_fountains_minmay, kennysheep_orc_sif_temple,
          uniq_terence
D:4:      kennysheep_big_flooded_room, layout_loops_ring,
          minmay_temple_entry_proselytizer, lightli_ossuary_entry_decrepit_ruins
D:5:      layout_basic, serial_park_tiny_pond, item_on_display_a, uniq_pikel,
          uniq_sigmund
D:6:      layout_rooms, lemuel_mausoleum_altar_kikubaaqudgha, uniq_grinder
D:7:      layout_gridville, gammafunk_temple_overflow_statue
D:8:      layout_basic, enter_bailey_5, uniq_psyche
D:9:      layout_roguey, due_lair_maze_entry_diamond, grunt_decor_mini_mirrors,
          minivault_25
Temple:   minmay_crystal_spiral_temple
Lair:1:   layout_long_grid, gammafunk_ghost_necromancy, grunt_megastairs_2,
          lemuel_fruit_tree, serial_bayou_shore_a, serial_bayou_shore_b,
          uniq_gastronok
Lair:2:   layout_roguey
Lair:3:   layout_regular_city, minmay_shoals_entry_hut,
          spider_nest_entry_web_field, uniq_nergalle
Lair:4:   layout_cave_pods, slime_entry_2, hibernation_bobbens
Lair:5:   evil_forest, layout_regular_city, basic_altar, enter_volcano_4
Abyss:4:  base: D:14, base:
Lair:4

Skill      XL: |  1  2  3  4  5  6  7  8  9 10 11 12 13 |
---------------+----------------------------------------+-----
Fighting       | 4 5 6 7 9 10 11 12 | 12.9
Shields        | 4 5 7 10 11 | 11.9
Armour         | 4 5 7 8 9 10 11 12 | 12.3
Axes           | 3 5 6 8 9 12 13 15 16 17 | 17.7
Dodging        | 1 2 3 4 |  4.3
Invocations    | 2 3 |  3.8
Throwing       | 1 2 |  2.1
Stealth        | 1 2 |  2.1
Evocations     | |  0.2

Action                     |  1- 3 |  4- 6 |  7- 9 | 10-12 | 13-15 || total
---------------------------+-------+-------+-------+-------+-------++-------
  Melee: War axe           |    62 |   178 |   294 |   588 |    18 ||  1140
         Headbutt          |     8 |    34 |    54 |   145 |    72 ||   313
         Broad axe         |       |       |       |       |   214 ||   214
  Throw: Boomerang         |       |       |     9 |    11 |       ||    20
 Invoke: Heroism           |       |       |     4 |    23 |     4 ||    31
  Evoke: Wand              |       |       |       |       |     2 ||     2
    Use: Scroll            |       |     9 |    15 |     4 |       ||    28
   Stab: Distracted        |       |       |       |       |     1 ||     1
 Armour: Scale mail        |    26 |    72 |   107 |     5 |       ||   210
         Plate armour      |       |       |       |   271 |    24 ||   295
         Chain mail        |       |       |       |       |    93 ||    93
  Dodge: Dodged            |    33 |    67 |   137 |   181 |    63 ||   481
  Block: Buckler           |    15 |    37 |    74 |   246 |    50 ||   422
         Reflection        |       |       |    15 |     6 |       ||    21

Table legend: (Time is in decaauts)
 A = Elapsed time spent in this place.
 B = Non-inter-level travel time spent in this place.
 C = Inter-level travel time spent in this place.
 D = Time resting spent in this place.
 E = Time spent auto-exploring this place.
 F = Levels seen in this place.
 G = Mean time per level.
                   A        B        C        D        E       F      G
               +--------+--------+--------+--------+--------+-----+--------+
         Total |  14329 |  13818 |    511 |    332 |  10330 |  20 |  716.5 |
       Dungeon |   8078 |   7732 |    346 |    237 |   5862 |   9 |  897.6 |
        Temple |    213 |    129 |     84 |      0 |    111 |   1 |  213.0 |
          Lair |   4305 |   4225 |     80 |      0 |   3390 |   5 |  861.0 |
         Abyss |    322 |    322 |      0 |      0 |    213 |   2 |  161.0 |
       Ossuary |    491 |    491 |      0 |      0 |    301 |   1 |  491.0 |
        Bailey |    554 |    554 |      0 |     95 |    233 |   1 |  554.0 |
       Volcano |    362 |    362 |      0 |      0 |    219 |   1 |  362.0 |
               +--------+--------+--------+--------+--------+-----+--------+

Top non-repeatable levels by time:
     D:3: 1226 daAuts
  Lair:1: 1119 daAuts
     D:4: 1029 daAuts
  Lair:3: 1014 daAuts
     D:8: 1008 daAuts
  Lair:4: 980 daAuts
     D:7: 905 daAuts
     D:2: 903 daAuts
  Lair:2: 888 daAuts
     D:6: 856 daAuts
     D:5: 767 daAuts
     D:9: 702 daAuts
     D:1: 678 daAuts
  Bailey: 554 daAuts
 Ossuary: 491 daAuts
